 Dungeon Crawl Stone Soup version 0.18.1-6-gd335043 (webtiles) character file.

516 dysrexia the Cudgeler (level 7, -4/45 HPs)
             Began as an Octopode Skald on May 16, 2016.
             Was a Believer of Okawaru.
             Slain by a centaur (5 damage)
             ... on level 5 of the Dungeon.
             The game lasted 00:14:31 (4354 turns).

dysrexia the Cudgeler (Octopode Skald)              Turns: 4354, Time: 00:14:31

Health: -4/45      AC:  1    Str: 12    XL:     7   Next: 20%
Magic:  6/10       EV: 12    Int: 12    God:    Okawaru [**....]
Gold:   234        SH:  0    Dex: 13    Spells: 3 memorised, 4 levels left

rFire  . . .     SeeInvis .     a - +0 mace
rCold  . . .     Gourm    .     (no shield)
rNeg   . . .     Faith    .     (helmet restricted)
rPois  .         Spirit   .     (no amulet)
rElec  .         Dismiss  .     (no ring)
rCorr  .         Reflect  .     (no ring)
SustAt .         Harm     .     (no ring)
MR     .....                    (no ring)
Stlth  ++++......               (no ring)
                                (no ring)
                                (no ring)
                                (no ring)

@: infused, very slightly contaminated, not resistant to hostile enchantments,
stealthy
A: almost no armour, amphibious, 8 rings, constrict 8, camouflage 1, blurry
vision 1, dopey 1, gelatinous body 1
a: Heroism, Renounce Religion


You were on level 5 of the Dungeon.
You worshipped Okawaru.
Okawaru was pleased with you.
You were hungry.

You visited 1 branch of the dungeon, and saw 5 of its levels.

You collected 234 gold pieces.

Inventory:

Hand Weapons
 a - a +0 mace (weapon)
Missiles
 j - 2 throwing nets (quivered)
Magical Staves
 s - an uncursed staff of power
Wands
 t - a wand of teleportation (1/9)
Scrolls
 f - 3 scrolls of identify
 g - a scroll of noise
 i - a scroll of magic mapping
 r - a scroll of recharging {unknown}
Potions
 d - 2 potions of flight
 e - a potion of curing {unknown}
 k - a potion of might {unknown}
 l - 3 potions of heal wounds {unknown}
 m - a potion of brilliance {unknown}
 n - a potion of berserk rage {unknown}
 p - 2 potions of ambrosia {unknown}
Books
 b - a book of Battle

   Spells                             Type                      Level
   a - Infusion                       Charms                       1
   b - Shroud of Golubria             Charms/Translocation         2
   c - Song of Slaying                Charms                       2
   d - Spectral Weapon                Hexes/Charms                 3
   e - Regeneration                   Charms/Necromancy            3
 o - a Necronomicon

   Spells                             Type                      Level
   a - Haunt                          Necromancy/Summoning         7
   b - Borgnjor's Revivification      Necromancy                   8
   c - Death's Door                   Charms/Necromancy            8
   d - Necromutation                  Transmutation/Necromancy     8
Comestibles
 c - 3 bread rations
 h - a meat ration
 q - 6 chunks of flesh


   Skills:
 - Level 2.0 Fighting
 * Level 5.7 Maces & Flails
 - Level 1.5 Dodging
 - Level 4.1 Stealth
 - Level 2.0 Spellcasting
 + Level 2.0 Hexes
 + Level 3.6 Charms
 - Level 2.0 Translocations


You had 4 spell levels left.
You knew the following spells:

 Your Spells              Type           Power        Failure   Level  Hunger
a - Infusion              Chrm           #...         8%          1    ##.....
b - Shroud of Golubria    Chrm/Tloc      #.........   14%         2    ###....
c - Spectral Weapon       Hex/Chrm       #.......     30%         3    ####...


Dungeon Overview and Level Annotations

Branches:
Dungeon (5/15)             Temple (0/1) D:4

Altars:
Gozag
Makhleb
Okawaru
Qazlal


Innate Abilities, Weirdness & Mutations

You cannot wear most types of armour.
You are amphibious.
You can wear up to eight rings at the same time.
You can use your tentacles to constrict eight enemies at once.
Your skin changes colour to match your surroundings (Stealth).
Your rubbery body absorbs attacks (AC +1).
Scrolls take you a little longer to read.
You are dopey. (Int -2)


Message History

Casting: Infusion
Confirm with . or Enter, or press ? or * to list all spells.
You miscast Shroud of Golubria.
You are very lightly contaminated with residual magic.
You feel a strange surge of energy! The centaur barely misses you.
You closely miss the centaur.
The centaur is moderately wounded.
You are feeling hungry.
The centaur hits you!
* * * LOW HITPOINT WARNING * * *
The centaur hits you but does no damage.
You closely miss the centaur.
The centaur is moderately wounded.
The centaur barely misses you. x2
You hit the centaur.
The centaur is moderately wounded.
The centaur hits you!
* * * LOW HITPOINT WARNING * * *
The centaur hits you.
You die...

............#...###.#
#.......
................# #.#
#.......
............##..#
#.#############
<............#..
#.....# #.........
... #.##.....#
###.....##
#..#........#
..#....##
#..####.....#
..#.#..#
#..c.##.....#
..#....#
.#.##@.......#
.....#..
........#......#
..#...
...............#
......
...............#
......
>................
.....
.................#
.................#
..........##.....
......... .....


You could see a centaur.

Vanquished Creatures
  2 sky beasts (D:5)
  A crimson imp (D:5)
  An orc priest (D:4)
  2 orc wizards
  A giant frog skeleton (D:5)
  Jessica (D:2)
  7 gnolls
  2 adders
  An adder skeleton (D:5)
  2 dart slugs (D:1)
  A giant gecko (D:3)
  5 orcs
  6 giant cockroaches
  2 goblins (D:1)
  6 hobgoblins
  4 jackals (D:3)
  9 kobolds
  2 quokkas (D:4)
  6 bats
  5 giant newts
  2 rats (D:1)
68 creatures vanquished.

Notes
Turn   | Place    | Note
--------------------------------------------------------------
     0 | D:1      | dysrexia the Octopode Skald began the quest for the Orb.
     0 | D:1      | Reached XP level 1. HP: 14/14 MP: 3/3
    98 | D:1      | Reached skill level 1 in Stealth
   146 | D:1      | Reached XP level 2. HP: 19/19 MP: 5/5
   470 | D:1      | Learned a level 2 spell: Shroud of Golubria
   776 | D:2      | Reached XP level 3. HP: 23/24 MP: 6/6
   793 | D:2      | Reached skill level 1 in Translocations
   959 | D:2      | Found a faded altar to an unknown god.
  1033 | D:2      | Became a worshipper of Warmaster Okawaru
  1033 | D:2      | Reached * piety under Okawaru
  1048 | D:2      | Found a stormy altar of Qazlal.
  1057 | D:2      | Reached skill level 3 in Maces & Flails
  1457 | D:2      | Reached XP level 4. HP: 23/29 MP: 4/7
  1478 | D:2      | Noticed Jessica
  1488 | D:2      | Killed Jessica
  1984 | D:3      | Learned a level 3 spell: Spectral Weapon
  2057 | D:3      | Reached XP level 5. HP: 11/34 MP: 3/8
  2389 | D:3      | Reached skill level 4 in Maces & Flails
  2686 | D:3      | Found a burning altar of Makhleb.
  2686 | D:3      | Noticed a green death
  2689 | D:3      | Noticed a ynoxinul
  2689 | D:3      | Noticed a neqoxec
  2726 | D:3      | Found an opulent altar of Gozag.
  2884 | D:4      | Found a staircase to the Ecumenical Temple.
  3593 | D:5      | Entered Level 5 of the Dungeon
  3604 | D:5      | Noticed a sky beast
  3671 | D:4      | Reached XP level 6. HP: 6/39 MP: 1/9
  3951 | D:5      | Noticed a sky beast
  3969 | D:5      | Killed a sky beast
  3969 | D:5      | Reached skill level 5 in Maces & Flails
  3969 | D:5      | Reached skill level 1 in Hexes
  3975 | D:5      | Gained mutation: You are dopey. (Int -2) [mutagenic meat]
  3977 | D:5      | Gained mutation: Scrolls take you a little longer to read. [mutagenic meat]
  4005 | D:5      | Killed a sky beast
  4005 | D:5      | Reached ** piety under Okawaru
  4005 | D:5      | Reached XP level 7. HP: 9/45 MP: 5/10
  4354 | D:5      | HP: 1/45 [centaur (8)]
  4354 | D:5      | Slain by a centaur

Skill      XL: |  1  2  3  4  5  6  7 |
---------------+----------------------+-----
Stealth        | 1 2 3 4 |  4.1
Translocations | 1 2 |  2.0
Maces & Flails | 3 4 5 |  5.7
Hexes          | 1 2 |  2.0
Fighting       | |  2.0
Dodging        | |  1.5
Spellcasting   | |  2.0
Charms         | |  3.6

Action                   |  1- 3 |  4- 6 |  7- 9 || total
-------------------------+-------+-------+-------++-------
Melee: Mace              |    46 |    97 |    22 ||   165
       Constrict         |    18 |    20 |     4 ||    42
       Tentacles         |     9 |    18 |     3 ||    30
 Cast: Infusion          |     4 |     6 |     1 ||    11
       Shroud of Golubri |       |     6 |     1 ||     7
       Spectral Weapon   |       |     1 |       ||     1
  Use: Scroll            |       |     9 |       ||     9
 Stab: Sleeping          |     8 |     5 |       ||    13
  Eat: Chunk             |     1 |    11 |     1 ||    13
       Pizza             |       |       |     1 ||     1
Armor: Skin              |     7 |     8 |     1 ||    16
Dodge: Dodged            |    27 |    66 |    22 ||   115
